 Dungeon Crawl Stone Soup version 0.29.0-13-gc9e81de378 (webtiles) character file.

Game seed: 1364738914290322623

56 sanboga the Covered (level 3, 0/24 HPs)
             Began as a Gargoyle Fighter on Sept 8, 2022.
             Slain by a gnoll
             ... wielding a +0 whip
              (3 damage)
             ... on level 2 of the Dungeon.
             The game lasted 00:02:03 (1771 turns).

sanboga the Covered (Gargoyle Fighter)              Turns: 1771, Time: 00:02:04

Health: 0/24       AC: 10    Str: 21    XL:     3   Next: 97%
Magic:  3/3        EV:  9    Int:  8    God:
Gold:   88         SH:  4    Dex:  9    Spells: 2/2 levels left

rFire   . . .      SeeInvis .   a - +0 war axe
rCold   . . .      Faith    .   c - +0 buckler
rNeg    + . .      Spirit   .   b - +0 scale mail
rPois   ∞          Reflect  .   (no helmet)
rElec   +          Harm     .   (no cloak)
rCorr   .          Rampage  .   (no gloves)
Will    .....                   (no boots)
Stlth   ..........              g - amulet of the acrobat
HPRegen 0.08/turn               (no ring)
MPRegen 0.08/turn               (no ring)

@: no status effects
A: sickness immunity, AC +3, negative energy resistance 1, electricity
resistance, torment resistance 1, petrification resistance
a: no special abilities


You were on level 2 of the Dungeon.
You visited 1 branch of the dungeon, and saw 3 of its levels.

You collected 88 gold pieces.

Inventory:

Hand Weapons
 a - a +0 war axe (weapon)
Armour
 b - a +0 scale mail (worn)
 c - a +0 buckler (worn)
Jewellery
 g - an amulet of the acrobat (around neck)
Scrolls
 e - a scroll of poison {unknown}
 f - 3 scrolls of enchant weapon {unknown}
 i - a scroll of fog {unknown}
 j - a scroll of silence {unknown}
 k - 2 scrolls of magic mapping {unknown}
Potions
 d - 2 potions of might
 h - 2 potions of curing {unknown}
 l - 2 potions of degeneration {unknown}


   Skills:
 + Level 3.6 Fighting
 * Level 2.7 Axes
 + Level 3.8 Armour
 + Level 3.7 Shields


You had 2 spell levels left.
You didn't know any spells.
Your spell library was empty.

Dungeon Overview and Level Annotations

Branches:
Dungeon (3/15)

Altars:


Innate Abilities, Weirdness & Mutations

You are immune to sickness and miasma.
Your stone body is resilient. (AC +3)
You are immune to poison.
You resist negative energy. (rN+)
You are resistant to electric shocks. (rElec)
You are resistant to unholy torment.
You are immune to petrification.


Message History

You hit the gnoll.
The gnoll is lightly wounded.
You hit the gnoll. You hit the quokka.
The quokka bites you but does no damage.
A necrophage comes into view.
The gnoll hits you but does no damage. x2; The quokka closely misses you.
You hit the gnoll but do no damage.
The gnoll is heavily wounded.
You closely miss the gnoll. You barely miss the quokka.
The gnoll hits you but does no damage. The gnoll hits you with a +0 club.
The quokka closely misses you. The gnoll hits you but does no damage.
The quokka bites you but does no damage.
Sorry, you're not good enough to have a special ability.
The quokka attacks as you move away! You block the quokka's attack.
The gnoll attacks as you move away! The gnoll closely misses you.
There is a stone staircase leading up here.
The quokka barely misses you.
You climb upwards.
There is a stone staircase leading down here.
You slash the quokka!
You kill the quokka!
You see here a quokka corpse.
There is a stone staircase leading down here.
You start resting.
HP restored.
You climb downwards.
The gnoll hits you but does no damage. The gnoll closely misses you.
There is a stone staircase leading up here.
The gnoll hits you with a +0 whip. The gnoll completely misses you.
You climb upwards.
There is a stone staircase leading down here.
You hit the gnoll.
The gnoll is lightly wounded.
You barely miss the gnoll. The gnoll hits you with a +0 whip. x4
* * * LOW HITPOINT WARNING * * *
You closely miss the gnoll.
The gnoll is lightly wounded.
You barely miss the gnoll. The gnoll barely misses you.
The gnoll hits you with a +0 whip.
You die...

.###.##.##.####.#............####
## #.......####.#...#.######.#
####.####........#.# #.# #.#
#.##.#...#.# #.####
#.####.##.......# #.....
#######.#...........#### ######
........#.##.#.........#
.########.##....†......# .#
#.#....g@......#### ##
#.#..#.g..........#
#.#..#.........##.#
##..<...........##.#
#.....###.......##.#
#.###.......######.#### #.#
#######.# #....# #.# ###.###
####.# #.# #...†.# #.#


You could see 2 gnolls.

Vanquished Creatures
  A worm (D:2)
  2 dart slugs
  5 endoplasms
  5 giant cockroaches
  4 goblins
  6 hobgoblins (D:1)
  A jackal (D:1)
  4 kobolds
  3 quokkas
  2 bats (D:1)
  3 frilled lizards
  9 rats
45 creatures vanquished.

Notes
Turn   | Place    | Note
-------+----------+-------------------------------------------
     0 | D:1      | sanboga the Gargoyle Fighter began the quest for the Orb.
     0 | D:1      | Reached XP level 1. HP: 14/14 MP: 1/1
    22 | D:1      | Reached XP level 2. HP: 9/19 MP: 2/2
   328 | D:1      | Found a faded altar of an unknown god.
   419 | D:1      | Reached XP level 3. HP: 18/23 MP: 3/3
  1691 | D:3      | Noticed a necrophage
  1771 | D:2      | Slain by a gnoll

Illustrated notes

Levels and vault maps discovered:
D:1:      minmay_arrival_diagonal_passages, layout_loops_ring,
          chequers_ecumenical_altar_island, minmay_distorted
D:2:      layout_loops_cross
D:3:      layout_rooms, mainiacjoe_overflow_brackets

Skill      XL: |  1 |
---------------+----+-----
Axes           | 2 |  2.7
Fighting       | |  3.6
Armour         | |  3.8
Shields        | |  3.7

Action                   || total
-------------------------++-------
Melee: War axe           ||   122
Armor: Scale mail        ||    64
Dodge: Dodged            ||    63
Block: Buckler           ||    17
